 Dungeon Crawl Stone Soup version 0.28.0 (webtiles) character file.

Game seed: 5201995780872814427

2439 Clumpoid the Poker (level 9, -3/78 HPs)
             Began as a Ghoul Fighter on Feb 16, 2022.
             Was a Plaything of Xom.
             Killed from afar by a steam dragon (4 damage)
             ... with a ball of steam
             ... on level 7 of the Dungeon.
             The game lasted 00:07:10 (7949 turns).

Clumpoid the Poker (Ghoul Fighter)                  Turns: 7949, Time: 00:07:11

Health: -3/78      AC: 13    Str: 20    XL:     9   Next: 49%
Magic:  8/8        EV:  4    Int:  5    God:    Xom [....*.]
Gold:   111        SH:  9    Dex: 10    Spells: 8/8 levels left

rFire   . . .      SeeInvis .   c - +1 trident (vamp)
rCold   + . .      Faith    .   k - +0 kite shield
rNeg    + + +      Spirit   .   j - +0 plate armour
rPois   ∞          Reflect  .   (no helmet)
rElec   .          Harm     .   (no cloak)
rCorr   +          Rampage  .   (no gloves)
Will    .....                   g - +0 pair of boots
Stlth   ..........              (no amulet)
HPRegen 0.00/turn               i - ring of resist corrosion
MPRegen 0.11/turn               (no ring)

@: inhibited regen
A: claws 1, cold resistance 1, negative energy resistance 3, inhibited
regeneration, torment resistance 2
a: Renounce Religion


You were on level 7 of the Dungeon.
You worshipped Xom.
You were a beloved toy of Xom.
You visited 1 branch of the dungeon, and saw 7 of its levels.

You collected 332 gold pieces.
You spent 221 gold pieces at shops.

Inventory:

Hand Weapons
 a - a +3 trident of protection
 c - a +1 vampiric trident (weapon)
 p - the +5 flail of Leranot {spect, rPois}
   (You bought it in a shop on level 6 of the Dungeon)

   When its wielder attacks, the weapon's spirit leaps out and strikes again.
   The spirit shares a part of any damage it takes with its wielder.
   rPois:     It protects you from poison.
Armour
 g - a +0 pair of boots (worn)
 j - a +0 plate armour (worn)
 k - a +0 kite shield (worn)
 q - a +2 ring mail of fire resistance
Jewellery
 i - a ring of resist corrosion (left claw)
Wands
 l - a wand of paralysis (8)
 n - a wand of flame (16)
 o - a wand of acid (7)
 r - a wand of charming (13)
Scrolls
 m - a scroll of vulnerability
 s - a scroll of teleportation
 v - a scroll of torment
Potions
 b - a potion of magic
 d - 3 potions of might
 e - 2 potions of haste
 f - a potion of flight
 h - a potion of heal wounds


   Skills:
 + Level 6.9 Fighting
 * Level 7.4 Polearms
 + Level 5.7 Armour
 + Level 5.7 Shields


You had 8 spell levels left.
You didn't know any spells.
Your spell library contained the following spells:

 Spells                   Type           Power      Damage    Failure   Level
 Animate Skeleton         Necr           0%         N/A       100%        1
 Apportation              Tloc           0%         N/A       100%        1
 Sting                    Tmut/Pois      0%         1d3       100%        1
 Summon Small Mammal      Summ           0%         N/A       100%        1
 Poisonous Vapours        Pois/Air       0%         N/A       100%        2
 Call Canine Familiar     Summ           0%         N/A       100%        3
 Ignite Poison            Fire/Tmut/Pois 0%         N/A       100%        3
 Mephitic Cloud           Conj/Pois/Air  0%         N/A       100%        3
 Summon Guardian Golem    Hex/Summ       0%         N/A       100%        3
 Olgreb's Toxic Radiance  Pois           0%         N/A       100%        4
 Freezing Cloud           Conj/Ice/Air   0%         6-21      100%        5


Dungeon Overview and Level Annotations

Branches:
Dungeon (7/15)             Temple (0/1) D:4

Altars:
Fedhas
Gozag
Nemelex Xobeh
Ru
Sif Muna
Vehumet
Xom

Shops:
D:3 ?   D:6 :!(?

Annotations:
D:7 Pikel


Innate Abilities, Weirdness & Mutations

You thrive by killing the living.
You are immune to poison.
You have sharp fingernails.
Your flesh is cold resistant. (rC+)
You are immune to negative energy. (rN+++)
You do not regenerate when monsters are visible.
You are immune to unholy pain and torment.


Message History

You feel much better.
The centaur shoots an arrow.
The arrow hits you but does no damage. Something hits you but does no damage.
The centaur shoots an arrow.
Reactivating autopickup.
You feel a bit more experienced.
The centaur unwields a +0 shortbow.
The centaur hits you but does no damage.
You block the centaur's attack.
You hit the centaur.
The centaur is lightly wounded.
You block the centaur's attack.
The centaur kicks you but does no damage.
The steam dragon breathes steam at you. The ball of steam hits you!
* * * LOW HITPOINT WARNING * * *
You block the centaur's attack.
The centaur kicks you but does no damage.
You puncture the steam dragon!
You feel better.
The steam dragon is moderately wounded.
The centaur hits you.
* * * LOW HITPOINT WARNING * * *
The centaur kicks you.
* * * LOW HITPOINT WARNING * * *
The steam dragon bites you!
* * * LOW HITPOINT WARNING * * *
You block the steam dragon's attack.
The centaur hits you but does no damage.
The centaur kicks you but does no damage.
You hit the steam dragon but do no damage.
The steam dragon is moderately wounded.
The steam dragon bites you!
* * * LOW HITPOINT WARNING * * *
Xom roars with laughter!
The steam dragon barely misses you.
The centaur hits you but does no damage.
The centaur kicks you but does no damage.
The steam dragon breathes steam at you. The ball of steam hits you.
You die...
Xom cackles wildly!

### #.###### ...#...# )
...#...######..
.............. .
.............. ...
##..##....###.#######....
.#.........##..c@§°....#
....##.....##..D#§§...##
....###.....##..##§..##
....##......##...#....#
....####....###..#.....#
....##..)..###....##..#.#
..........###....# ..# #
..#.##...##.#....#.... #
#...............##.


You could see a steam dragon (catching breath) and a centaur.

Vanquished Creatures
  Eustachio (D:5)
  A yak (D:7)
  A sky beast (D:6)
  An ice beast (D:7)
  3 ogres
  A centaur (D:6)
  A phantom (D:4)
  A kobold brigand (D:6)
  Blork the orc (D:5)
  A wyvern zombie (D:7)
  3 bullfrogs
  5 scorpions
  A water moccasin zombie (D:6)
  A wyvern skeleton (D:5)
  A water moccasin skeleton (D:2)
  A howler monkey (D:7)
  2 jellies (D:6)
  A centaur zombie (D:7)
  3 hounds
  2 orc priests
  Terence (D:3)
  4 iguanas
  4 orc wizards
  3 gnolls (D:4)
  5 adders
  A shadow imp (D:6)
  An ufetubus (D:5)
  A dart slug (D:4)
  15 orcs
  8 ball pythons
  5 bats
  7 endoplasms
  2 giant cockroaches
  3 goblins
  10 hobgoblins
  10 jackals
  10 kobolds
  2 quokkas
  2 frilled lizards
  2 rats
128 creatures vanquished.

Vanquished Creatures (others)
  A sky beast (D:7)
  3 plants (D:4)
4 creatures vanquished.

Grand Total: 132 creatures vanquished

Notes
Turn   | Place    | Note
-------+----------+-------------------------------------------
     0 | D:1      | Clumpoid the Ghoul Fighter began the quest for the Orb.
     0 | D:1      | Reached XP level 1. HP: 19/19 MP: 0/0
   219 | D:1      | Reached skill level 2 in Polearms
   224 | D:1      | Reached XP level 2. HP: 19/26 MP: 1/1
  1042 | D:1      | Reached XP level 3. HP: 31/31 MP: 2/2
  1092 | D:2      | Found a faded altar of an unknown god.
  1137 | D:2      | Reached XP level 4. HP: 6/40 MP: 3/3
  1404 | D:2      | Prayed at the altar of an unknown god.
  1404 | D:2      | Became a worshipper of Xom of Many Doors
  1450 | D:2      | XOM: silly message
  2008 | D:3      | XOM: silly message
  2025 | D:3      | Noticed Terence
  2037 | D:3      | Killed Terence
  2038 | D:3      | Reached skill level 3 in Polearms
  2142 | D:3      | Found Xeklaet's Magic Scroll Emporium.
  2184 | D:3      | Reached XP level 5. HP: 43/46 MP: 4/4
  2754 | D:4      | XOM: noise
  2764 | D:4      | XOM: scenery: 3 doors open
  2860 | D:4      | Found a sparkling altar of Nemelex Xobeh.
  3014 | D:4      | Reached XP level 6. HP: 53/53 MP: 5/5
  3014 | D:4      | XOM: silly message
  3018 | D:4      | XOM: divination: magic mapping
  3131 | D:4      | Reached skill level 4 in Polearms
  3131 | D:4      | XOM: noise
  3186 | D:4      | Found an opulent altar of Gozag.
  3214 | D:4      | XOM: 1-stop teleportation journey
  3228 | D:4      | XOM: scenery: 2 doors open, 1 doors close
  3238 | D:4      | XOM: stat loss: -1 Dex (7/8)
  3261 | D:4      | Found a radiant altar of Vehumet.
  3261 | D:4      | XOM: 1-stop teleportation journey
  3411 | D:4      | XOM: silly message
  3423 | D:4      | Reached XP level 7. HP: 60/60 MP: 6/6
  3557 | D:4      | Found a staircase to the Ecumenical Temple.
  3834 | D:4      | XOM: noise
  3890 | D:4      | Found a sacrificial altar of Ru.
  3972 | D:4      | XOM: noise
  4001 | D:4      | XOM: summons 2 hostile shadow creatures
  4121 | D:5      | Entered Level 5 of the Dungeon
  4207 | D:5      | Reached skill level 5 in Fighting
  4232 | D:5      | XOM: confusion (+ monsters)
  4253 | D:5      | Reached skill level 5 in Polearms
  4515 | D:5      | XOM: noise
  4778 | D:5      | Noticed Blork the orc
  4792 | D:5      | Killed Blork the orc
  4793 | D:5      | Reached XP level 8. HP: 46/68 MP: 7/7
  5013 | D:5      | Noticed Eustachio
  5016 | D:5      | XOM: cast spell 'Death Channel'
  5017 | D:5      | XOM: noise
  5031 | D:5      | XOM: enchant monster (good)
  5045 | D:5      | XOM: enchant monster (bad)
  5046 | D:5      | XOM: enchant monster (bad)
  5053 | D:5      | XOM: divination: detect creatures
  5054 | D:5      | XOM: summons 2 hostile demons
  5058 | D:5      | Killed Eustachio
  5091 | D:5      | XOM: summons 5 hostile demons
  5576 | D:5      | Found a blossoming altar of Fedhas.
  5576 | D:5      | Found a shimmering blue altar of Sif Muna.
  5873 | D:6      | XOM: confusion (+ monsters)
  6025 | D:6      | Found Vitreps's Magic Scroll Emporium.
  6031 | D:6      | Found Jommir's Distillery.
  6031 | D:6      | Found Xarorghush's Antique Weapon Emporium.
  6032 | D:6      | Found Olatobes's Book Emporium.
  6128 | D:6      | Bought a scorched flail for 221 gold pieces
  6128 | D:6      | Identified the +5 flail of Leranot {spect, rPois} (You
                  | bought it in a shop on level 6 of the Dungeon)
  6170 | D:6      | Noticed Pikel
  6173 | D:6      | Reached skill level 6 in Polearms
  6186 | D:7      | XOM: cast spell 'Dispersal'
  6201 | D:7      | XOM: noise
  6205 | D:7      | Reached skill level 5 in Armour
  6205 | D:7      | Reached skill level 5 in Shields
  6463 | D:6      | HP: 3/70 [Pikel (14)]
  6463 | D:6      | HP: 1/70 [lemure[Pikel] (2)]
  6468 | D:7      | Noticed a yak
  6543 | D:6      | XOM: 7-stop teleportation journey
  6553 | D:6      | XOM: god gift: runed ring mail {god gift}
  6615 | D:6      | XOM: potion effect (curing)
  6619 | D:6      | XOM: polymorph lemure -> shadow imp
  6951 | D:6      | Reached XP level 9. HP: 12/77 MP: 8/8
  7390 | D:6      | Reached skill level 7 in Polearms
  7454 | D:6      | XOM: silly message
  7615 | D:6      | XOM: god gift: 22 sling bullets
  7697 | D:6      | Identified a scroll of acquirement
  7697 | D:6      | Acquired a +1 vampiric trident
  7746 | D:7      | XOM: 3-stop teleportation journey
  7930 | D:7      | XOM: smoke on damage
  7940 | D:7      | XOM: smoke on damage
  7949 | D:7      | HP: 1/78 [steam dragon (8)]
  7949 | D:7      | Killed from afar by a steam dragon

Illustrated notes

Levels and vault maps discovered:
D:1:      dpeg_arrival_radiant, layout_loops_corners
D:2:      layout_loops_ring, chequers_ecumenical_altar_island
D:3:      layout_loops_cross, serial_shops, nicolae_shop_waterfront,
          uniq_terence
D:4:      layout_loops_corners, mainiacjoe_overflow_24_doors,
          mainiacjoe_overflow_paths, kennysheep_mini_moat,
          mainiacjoe_overflow_small_starburst, lemuel_temple_firewalk_b,
          serial_bayou_lagoon_b
D:5:      layout_basic, gammafunk_temple_overflow_pools,
          chequers_serial_rivers_marsh, uniq_eustachio, uniq_blork_the_orc
D:6:      layout_gridville, minmay_shop_grid_forest, uniq_pikel
D:7:      layout_cave_pools

Skill      XL: |  1  2  3  4  5  6  7  8  9 |
---------------+----------------------------+-----
Polearms       | 2 3 4 5 6 7 |  7.4
Armour         | 3 4 5 |  5.7
Shields        | 3 4 5 |  5.7
Fighting       | 4 5 6 |  6.9

Action                   |  1- 3 |  4- 6 |  7- 9 || total
-------------------------+-------+-------+-------++-------
Melee: Trident           |    79 |   186 |   396 ||   661
  Use: Scroll            |     2 |     5 |    10 ||    17
       Potion            |     1 |     2 |     5 ||     8
 Stab: Sleeping          |       |     1 |       ||     1
       Confused          |       |       |     1 ||     1
Armor: Scale mail        |    32 |     4 |       ||    36
       Chain mail        |       |    72 |       ||    72
       Plate armour      |       |    22 |   450 ||   472
Dodge: Dodged            |    30 |    37 |   105 ||   172
Block: Buckler           |     4 |    18 |       ||    22
       Kite shield       |       |    13 |   251 ||   264
